 Dungeon Crawl Stone Soup version 0.28-a0-1555-g9ae15a6949 (webtiles) character file.

Game seed: 8639896012569309270

8 knot the Chopper (level 2, 22/36 HPs)
             Began as a Demonspawn Berserker on Jan 19, 2022.
             Was a Follower of Trog.
             Quit the game on level 2 of the Dungeon.
             The game lasted 00:00:32 (201 turns).

knot the Chopper (Demonspawn Berserker)              Turns: 201, Time: 00:00:33

Health: 22/36      AC:  5    Str: 17    XL:     2   Next: 0%
Magic:  2/2        EV: 12    Int:  8    God:    Trog [*.....]
Gold:   0          SH:  0    Dex: 12    Spells: 1/1 levels left

rFire   . . .      SeeInvis .   a - +0 hand axe
rCold   . . .      Faith    .   (no shield)
rNeg    . . .      Spirit   .   b - +0 animal skin
rPois   .          Reflect  .   (no helmet)
rElec   .          Harm     .   (no cloak)
rCorr   .          Rampage  .   d - +0 pair of gloves
Will    .....                   (no boots)
Stlth   ..........              (no amulet)
HPRegen 0.12/turn               (no ring)
MPRegen 0.08/turn               (no ring)

@: berserking, very quick
A: yellow scales 1
a: Renounce Religion, Berserk


You were on level 2 of the Dungeon.
You worshipped Trog.
Trog was aware of your devotion.
You visited 1 branch of the dungeon, and saw 2 of its levels.

Inventory:

Hand Weapons
 a - a +0 hand axe (weapon)
Missiles
 c - 24 stones (quivered)
Armour
 b - a +0 animal skin (worn)
 d - a +0 pair of gloves (worn)


   Skills:
 - Level 3.0 Fighting
 + Level 3.2 Axes
 - Level 1.7 Armour
 - Level 1.7 Dodging


You had one spell level left.
You didn't know any spells.
Your spell library was empty.

Dungeon Overview and Level Annotations

Branches:
Dungeon (1/15)

Altars:


Innate Abilities, Weirdness & Mutations

You are partially covered in yellow scales. (AC +2)


Message History

Okay, then. 2 kobolds come into view.
A sourceless malevolence fills the Dungeon...
You fall into a shaft and drop 1 floor!
The shaft crumbles and collapses.
A kobold comes into view. It is wielding a +0 club.
The kobold shouts!
Found a scroll labelled JEELEA FEYCA.
An adder comes into view.
The adder hisses angrily.
An adder comes into view.
The kobold throws a stone.
The stone barely misses you.
A giant cockroach comes into view.
The kobold throws a stone.
The stone hits you.
Okay, then.
You fail to use your ability.
The adder barely misses you.
You miss the adder. You barely miss the kobold. The adder bites you.
The kobold closely misses you.
You completely miss the adder. You hit the kobold. The adder bites you.
The kobold barely misses you. The adder closely misses you.
You closely miss the kobold.
The kobold is severely wounded.
You barely miss the adder. You hit the giant cockroach.
The giant cockroach barely misses you. The adder completely misses you.
The kobold barely misses you.
The giant cockroach bites you but does no damage.
The adder misses you.
A red film seems to cover your vision as you go berserk!
You feel yourself moving faster!
You feel mighty! The kobold closely misses you.
The giant cockroach closely misses you. The adder misses you.
You hit the kobold.
You kill the kobold!
Trog accepts your kill.
You barely miss the giant cockroach. You hit the adder.
The giant cockroach closely misses you. The adder barely misses you.
You have reached level 2!
Your demonic ancestry asserts itself...
Yellow scales grow over part of your body.
Are you sure you want to abandon this character and quit the game? (Confirm with "yes".)

########
#@S....#
#)B....#
#......#
..........#
.............
.......###...?.
.......#
......S
.......#
....... .......
.......


You could see an adder and a giant cockroach.

Vanquished Creatures
  A dart slug (D:1)
  A ball python (D:1)
  2 endoplasms (D:1)
  A kobold (D:2)
5 creatures vanquished.

Notes
Turn   | Place    | Note
-------+----------+-------------------------------------------
     0 | D:1      | knot the Demonspawn Berserker began the quest for the Orb.
     0 | D:1      | Reached XP level 1. HP: 18/18 MP: 1/1
   187 | D:1      | You fall into a shaft and drop 1 floor!
   201 | D:2      | Gained mutation: You are partially covered in yellow
                  | scales. (AC +2) [demonic ancestry]
   201 | D:2      | Reached XP level 2. HP: 22/24 MP: 2/2
   201 | D:2      | Quit the game

Illustrated notes

Levels and vault maps discovered:
D:1:      dpeg_arrival_simpleton_a, layout_loops_ring, dk_noncrumbling_4
D:2:      layout_basic, shapermc_ecumenical_altar_venn, uniq_terence,
          uniq_jessica

Skill      XL: |  1 |
---------------+----+-----
Axes           | 3 |  3.2
Fighting       | |  3.0
Armour         | |  1.7
Dodging        | |  1.7

Action                   || total
-------------------------++-------
Melee: Hand axe          ||    13
Invok: Berserk           ||     1
Armor: Animal skin       ||     1
Dodge: Dodged            ||    19

Table legend: (Time is in decaauts)
 A = Elapsed time spent in this place.
 B = Non-inter-level travel time spent in this place.
 C = Inter-level travel time spent in this place.
 D = Time resting spent in this place.
 E = Time spent auto-exploring this place.
 F = Levels seen in this place.
 G = Mean time per level.
                   A        B        C        D        E       F      G
               +--------+--------+--------+--------+--------+-----+--------+
         Total |    202 |    202 |      0 |      0 |    159 |   2 |  101.0 |
       Dungeon |    202 |    202 |      0 |      0 |    159 |   2 |  101.0 |
               +--------+--------+--------+--------+--------+-----+--------+

Top non-repeatable levels by time:
     D:1: 188 daAuts
     D:2: 14 daAuts
